 Dungeon Crawl Stone Soup version 0.27.1-2-g3b301248ec (webtiles) character file.

Game seed: 8692645905504786893

100 MajorAdolf the Skirmisher (level 4, -3/64 HPs)
             Began as a Naga Wanderer on Sept 29, 2021.
             Slain by a gnoll (6 damage)
             ... on level 2 of the Dungeon.
             The game lasted 00:02:53 (2422 turns).

MajorAdolf the Skirmisher (Naga Wanderer)           Turns: 2422, Time: 00:02:53

Health: -3/64      AC: 22    Str: 13 (16) XL:     4   Next: 74%
Magic:  4/4        EV:  1    Int:  9 (10) God:
Gold:   33         SH:  0    Dex: 11 (12) Spells: 3/3 levels left

rFire    . . .     SeeInvis +   d - +0 dagger (freeze)
rCold    . . .     Faith    .   (no shield)
rNeg     + + +     Spirit   .   (armour currently unavailable)
rPois    +         Reflect  .   (helmet currently unavailable)
rElec    .         Harm     .   (cloak currently unavailable)
rCorr    .         Rampage  .   (gloves currently unavailable)
Will     .....     NoTele   +   (no barding)
Stlth    ++........             (no amulet)
HPRegen  0.20/turn              (no ring)
MPRegen  0.09/turn              (no ring)

@: short of breath, tree-form, attractive
A: stationary, stasis, torment immunity, boosted hp, AC +1, large, see
invisible, (deformed body), (poison resistance), (slowness 2), spit poison 1,
(naga tail 1)
a: Spit Poison


You were on level 2 of the Dungeon.
You were a tree.
You visited 1 branch of the dungeon, and saw 2 of its levels.

You collected 33 gold pieces.

Inventory:

Hand Weapons
 a - a +0 hand axe
 d - a +0 dagger of freezing (weapon)
 o - a +0 hunting sling
Armour
 b - a +2 scale mail (melded)
 g - a scarf of resistance
 i - a +0 cloak (melded)
Scrolls
 j - a scroll of fog {unknown}
 l - a scroll of magic mapping {unknown}
 n - a scroll of identify {unknown}
Potions
 c - a potion of lignification
 m - a potion of heal wounds {unknown}


   Skills:
 + Level 3.6 Fighting
 - Level 3.0 Axes
 + Level 3.4 Armour
 - Level 2.0 Stealth
 - Level 1.0 Shields


You had 3 spell levels left.
You didn't know any spells.
Your spell library contained the following spells:

 Spells                   Type           Power      Damage    Failure   Level
 Slow                     Hex            0%         N/A       52%         2
 Sublimation of Blood     Necr           0%         N/A       52%         2
 Wereblood                Tmut           0%         N/A       52%         2
 Confusing Touch          Hex            0%         N/A       77%         3
 Yara's Violent Unravell  Hex/Tmut       0%         3d3       100%        5
 Summon Hydra             Summ           0%         N/A       100%        7


Dungeon Overview and Level Annotations

Branches:
Dungeon (2/15)

Altars:


Innate Abilities, Weirdness & Mutations

You are a tree.
Your roots penetrate the ground, keeping you stationary.
You cannot be teleported.
You are immune to unholy pain and torment.
Your maximum health is greatly increased.
Your equipment is partially melded.
((Your serpentine skin is tough. (AC +1)))
You have supernaturally acute eyesight. (SInv)
((Armour fits poorly on your strangely shaped body.))
((Your system is resistant to poisons. (rPois)))
((You cover ground very slowly.))
You can spit poison.
((You have a snake-like lower body.))


Message History

There are no items here.
There are no items here.
The gnoll hits you but does no damage.
The gnoll hits you from afar with a +0 halberd.
* * * LOW HITPOINT WARNING * * *
The gnoll hits you but does no damage. The gnoll hits you but does no damage.
You have got your breath back.
The gnoll hits you but does no damage.
Press: ? - help, Shift-Dir - straight line, f/p - gnoll
Aim: a gnoll, wielding a +0 halberd (moderately wounded)
The splash of poison hits the gnoll but does no damage.
The gnoll is moderately wounded.
The gnoll hits you from afar with a +0 halberd.
* * * LOW HITPOINT WARNING * * *
Unknown command.
The gnoll hits you but does no damage.
It was a potion of degeneration.
There was something very wrong with that liquid.
You feel weakened.
You feel dopey.
You feel clumsy.
The gnoll hits you from afar with a +0 halberd.
* * * LOW HITPOINT WARNING * * *
It was a potion of flight.
Your roots keep you in place.
The gnoll hits you but does no damage.
It was a potion of attraction.
You feel attractive to monsters. The gnoll hits you but does no damage.
The gnoll is pulled toward you!
It was a potion of curing.
You feel better. The gnoll hits you with a +0 halberd!
* * * LOW HITPOINT WARNING * * *
You feel better.
You have got your breath back.
The gnoll hits you with a +0 halberd.
* * * LOW HITPOINT WARNING * * *
Press: ? - help, Shift-Dir - straight line, f/p - gnoll
Aim: a gnoll, wielding a +0 halberd (lightly wounded)
The splash of poison hits the gnoll.
The gnoll is poisoned.
The gnoll is heavily wounded.
The gnoll hits you with a +0 halberd.
You die...

...#.##...#........#.#.#.#.#
..........#........#.#.#
...#.#)####..#.#####.#.#
...#.#.#####.#.#.....#..
...#.#.......#.#.#####.#
.....##......#..........
..#..##......#.........#
..#..##......###################
..#..##......'..♣g........).)..#
.....##......#################.##
#.#.>##...)..# #.............
#.#.###......# #.#########.##
#.#..........# ###.#####.....##
#.####.......# #...............
#.####.......#####.#.#####.######
#............##......# #.#
.............##......#####.######


You could see a gnoll (poisoned).

Vanquished Creatures
  3 gnolls (D:2)
  3 adders (D:2)
  A dart slug (D:2)
  3 ball pythons
  2 bats (D:1)
  5 endoplasms
  4 giant cockroaches
  3 goblins
  3 hobgoblins
  3 jackals (D:1)
  5 kobolds
  2 quokkas (D:1)
  2 frilled lizards
  2 rats
41 creatures vanquished.

Vanquished Creatures (others)
  2 plants (D:1)
2 creatures vanquished.

Grand Total: 43 creatures vanquished

Notes
Turn   | Place    | Note
-------+----------+-------------------------------------------
     0 | D:1      | MajorAdolf the Naga Wanderer began the quest for the Orb.
     0 | D:1      | MajorAdolf set off with the following items: a +0 hand axe,
                  | a +2 scale mail, a potion of lignification
     0 | D:1      | Reached XP level 1. HP: 19/19 MP: 1/1
   490 | D:1      | Reached XP level 2. HP: 17/27 MP: 2/2
   908 | D:1      | Reached XP level 3. HP: 23/33 MP: 3/3
  1681 | D:2      | Reached XP level 4. HP: 30/42 MP: 4/4
  2417 | D:2      | HP: 1/64 [gnoll (3)]
  2422 | D:2      | Slain by a gnoll

Illustrated notes

Levels and vault maps discovered:
D:1:      dpeg_arrival_tiny_c, layout_basic, chequers_big_river
D:2:      layout_basic

Skill      XL: |  1  2  3 |
---------------+----------+-----
Stealth        | 2 |  2.0
Fighting       | 3 |  3.6
Armour         | 3 |  3.4
Axes           | |  3.0
Shields        | |  1.0

Action                   |  1- 3 |  4- 6 || total
-------------------------+-------+-------++-------
Melee: Hand axe          |    90 |       ||    90
       Dagger            |    18 |    33 ||    51
 Abil: Spit Poison       |     9 |    16 ||    25
  Use: Potion            |       |     6 ||     6
Armor: Scale mail        |    74 |    11 ||    85
       Skin              |       |     7 ||     7
Dodge: Dodged            |    41 |    18 ||    59
